| TOP OF THE 1ST |
|
Butte Copper Kings batting - Pitching for Billings Mustangs : RHP Bill Wegman
|
|
Pitching: RHP Bill Wegman
|
|
|
Batting: LHB Larry Jackson
|
0-0: Foul Ball, location: 2F 0-1: Ball 1-1: Ball 2-1: DOUBLE (Line Drive, 7LM, EV 105.6 MPH)
|
|
Batting: LHB David Dillard
|
0-0: Ball 1-0: Fly out, F5 (Line Drive, 5, EV 68.8 MPH)
|
|
Batting: RHB Kevin Sliwinski
|
0-0: Ball 1-0: Called Strike 1-1: Ball 2-1: Swinging Strike 2-2: Ball 3-2: Ground out 6-3 (Groundball, 6, EV 89.4 MPH) Larry Jackson to third
|
|
Batting: RHB William Allen
|
0-0: Ball 1-0: Foul Ball, location: 2F 1-1: Foul Ball, location: 2F 1-2: Strikes out swinging
|
| Top of the 1st over - 0 runs, 1 hit, 0 errors, 1 left on base; Butte 0 - Billings 0 |
| BOTTOM OF THE 1ST |
|
Billings Mustangs batting - Pitching for Butte Copper Kings : LHP Richard Garcia
|
|
Pitching: LHP Richard Garcia
|
|
|
Batting: RHB Howard Meier
|
0-0: Swinging Strike 0-1: Swinging Strike 0-2: SINGLE (Groundball, 6MS, EV 65.0 MPH) (infield hit)
|
|
Batting: RHB Leonidas Nolasco
|
0-0: Ball 1-0: Ball 2-0: Bunted foul 2-1: Bunted foul 2-2: Ball 3-2: Foul Ball, location: 2F 3-2: Foul Ball, location: 2F 3-2: Foul Ball, location: 2F 3-2: Foul Ball, location: 2F 3-2: Foul Ball, location: 2F 3-2: Fielders Choice at 2nd, 6-4 (Groundball, 56, EV 106.9 MPH)
|
|
Batting: RHB Andy Lawrence
|
0-0: Grounds into double play, 5-4-3 (Groundball, 56S, EV 85.6 MPH)
|
| Bottom of the 1st over - 0 runs, 1 hit, 0 errors, 0 left on base; Butte 0 - Billings 0 |
| TOP OF THE 2ND |
|
Butte Copper Kings batting - Pitching for Billings Mustangs : RHP Bill Wegman
|
|
Now in LF: Frank Meraz
|
|
|
Batting: SHB Pat Bone
|
0-0: Foul Ball, location: 2F 0-1: Ground out 4-3 (Groundball, 4, EV 91.3 MPH)
|
|
Batting: RHB Jose Matos
|
0-0: Called Strike 0-1: Ball 1-1: Ball 2-1: SINGLE (Groundball, 56D, EV 103.1 MPH)
|
|
Batting: RHB Dan Gasparino
|
0-0: Ball 1-0: Foul Ball, location: 2F 1-1: SINGLE (Groundball, 34D, EV 107.5 MPH) Jose Matos to second Runner from 2nd tries for 3rd, SAFE, throw by RF made to third
|
|
Batting: RHB Ray Thoma
|
0-0: Called Strike 0-1: Swinging Strike 0-2: Ball 1-2: Ball 2-2: Ground out 4-3 (Groundball, 4S, EV 68.8 MPH) Jose Matos scores Dan Gasparino to second
|
|
Batting: RHB Kenny Clark
|
0-0: Called Strike 0-1: Ball 1-1: Fly out, F6 (Popup, 6MD, EV 43.8 MPH)
|
| Top of the 2nd over - 1 run, 2 hits, 0 errors, 1 left on base; Butte 1 - Billings 0 |
| BOTTOM OF THE 2ND |
|
Billings Mustangs batting - Pitching for Butte Copper Kings : LHP Richard Garcia
|
|
Batting: RHB Randy Day
|
0-0: Foul Ball, location: 2F 0-1: Ball 1-1: Ground out 6-3 (Groundball, 6, EV 108.8 MPH)
|
|
Batting: RHB Dave Rosenhahn
|
0-0: Ball 1-0: Called Strike 1-1: Ball 2-1: Ball 3-1: Foul Ball, location: 2F 3-2: Base on Balls
|
|
Batting: RHB Frank Cruz
|
0-0: SINGLE (Groundball, 34D, EV 99.4 MPH) Dave Rosenhahn to second Dave Rosenhahn to third
|
|
Batting: RHB Tim Kubacki
|
0-0: Ball 1-0: Called Strike 1-1: Reached on error, E9 (Flyball, 9, EV 86.9 MPH) Dave Rosenhahn scores Frank Cruz to second
|
|
Batting: RHB Brian Milner
|
0-0: Swinging Strike 0-1: Ball 1-1: Swinging Strike 1-2: Ball 2-2: Strikes out swinging
|
|
Batting: RHB Howard Maynor
|
0-0: Fly out, F6 (Line Drive, 6, EV 70.0 MPH)
|
| Bottom of the 2nd over - 1 run, 1 hit, 1 error, 2 left on base; Butte 1 - Billings 1 |
| TOP OF THE 3RD |
|
Butte Copper Kings batting - Pitching for Billings Mustangs : RHP Bill Wegman
|
|
Batting: LHB Larry Jackson
|
0-0: Ground out 6-3 (Groundball, 6, EV 100.0 MPH)
|
|
Batting: LHB David Dillard
|
0-0: Ball 1-0: Reached on error, E6 (Groundball, 6, EV 103.1 MPH)
|
|
Batting: RHB Kevin Sliwinski
|
0-0: Ball 1-0: Ball 2-0: Grounds into double play, 5-4-3 (Groundball, 5, EV 88.1 MPH)
|
| Top of the 3rd over - 0 runs, 0 hits, 1 error, 0 left on base; Butte 1 - Billings 1 |
| BOTTOM OF THE 3RD |
|
Billings Mustangs batting - Pitching for Butte Copper Kings : LHP Richard Garcia
|
|
Batting: RHB Frank Meraz
|
0-0: Called Strike 0-1: Ball 1-1: SINGLE (Groundball, 6MD, EV 103.1 MPH)
|
|
Batting: RHB Leonidas Nolasco
|
0-0: Ball 1-0: Foul Ball, location: 2F 1-1: Ball 2-1: TRIPLE (Flyball, 89XD, EV 107.5 MPH) Frank Meraz scores
|
|
Batting: RHB Andy Lawrence
|
0-0: Ball 1-0: Ball 2-0: Ball 3-0: Base on Balls
|
|
Batting: RHB Randy Day
|
0-0: Ball 1-0: Ball 2-0: Foul Ball, location: 2F 2-1: Foul Ball, location: 2F 2-2: Fielders Choice at 2nd, 6-4 (Groundball, 6M, EV 101.9 MPH) Leonidas Nolasco scores
|
|
Batting: RHB Dave Rosenhahn
|
0-0: Ball 1-0: Called Strike 1-1: Grounds into double play, 5-4-3 (Groundball, 56, EV 100.0 MPH)
|
| Bottom of the 3rd over - 2 runs, 2 hits, 0 errors, 0 left on base; Butte 1 - Billings 3 |
| TOP OF THE 4TH |
|
Butte Copper Kings batting - Pitching for Billings Mustangs : RHP Bill Wegman
|
|
Batting: RHB William Allen
|
0-0: Ball 1-0: Ground out 6-3 (Groundball, 6M, EV 103.8 MPH)
|
|
Batting: SHB Pat Bone
|
0-0: Foul Ball, location: 2F 0-1: Ball 1-1: Ball 2-1: Fly out, F4 (Line Drive, 4, EV 65.6 MPH)
|
|
Batting: RHB Jose Matos
|
0-0: Called Strike 0-1: Called Strike 0-2: Foul Ball, location: 2F 0-2: Ground out 6-3 (Groundball, 6, EV 84.4 MPH)
|
| Top of the 4th over - 0 runs, 0 hits, 0 errors, 0 left on base; Butte 1 - Billings 3 |
| BOTTOM OF THE 4TH |
|
Billings Mustangs batting - Pitching for Butte Copper Kings : LHP Richard Garcia
|
|
Batting: RHB Frank Cruz
|
0-0: Ground out 6-3 (Groundball, 6, EV 84.4 MPH)
|
|
Batting: RHB Tim Kubacki
|
0-0: Ball 1-0: Ball 2-0: DOUBLE (Line Drive, 9LM, EV 92.5 MPH)
|
|
Batting: RHB Brian Milner
|
0-0: Fly out, F7 (Line Drive, 7, EV 93.1 MPH)
|
|
Batting: RHB Howard Maynor
|
0-0: Ball 1-0: Called Strike 1-1: Ball 2-1: Foul Ball, location: 2F 2-2: Ball 3-2: Strikes out looking
|
| Bottom of the 4th over - 0 runs, 1 hit, 0 errors, 1 left on base; Butte 1 - Billings 3 |
| TOP OF THE 5TH |
|
Butte Copper Kings batting - Pitching for Billings Mustangs : RHP Bill Wegman
|
|
Batting: RHB Dan Gasparino
|
0-0: Called Strike 0-1: Ball 1-1: Foul Ball, location: 2F 1-2: Ball 2-2: Strikes out swinging
|
|
Batting: RHB Ray Thoma
|
0-0: Ground out 5-3 (Groundball, 56S, EV 71.3 MPH)
|
|
Batting: RHB Kenny Clark
|
0-0: Ball 1-0: Foul Ball, location: 2F 1-1: Foul Ball, location: 2F 1-2: Ball 2-2: Ball 3-2: Base on Balls
|
|
Batting: LHB Larry Jackson
|
0-0: Ball 1-0: Ground out 4-3 (Groundball, 4, EV 105.0 MPH)
|
| Top of the 5th over - 0 runs, 0 hits, 0 errors, 1 left on base; Butte 1 - Billings 3 |
| BOTTOM OF THE 5TH |
|
Billings Mustangs batting - Pitching for Butte Copper Kings : LHP Richard Garcia
|
|
Batting: RHB Frank Meraz
|
0-0: Ball 1-0: Ball 2-0: Called Strike 2-1: SINGLE (Flyball, 78M, EV 95.0 MPH)
|
|
Batting: RHB Leonidas Nolasco
|
0-0: Called Strike 0-1: Ball 1-1: Ball 2-1: Foul Ball, location: 2F 2-2: Ball 3-2: Base on Balls Frank Meraz to second
|
|
Batting: RHB Andy Lawrence
|
0-0: Called Strike 0-1: Foul Ball, location: 2F 0-2: Ball 1-2: Fly out, F3 (Flyball, 3D, EV 87.5 MPH)
|
|
Batting: RHB Randy Day
|
0-0: Fielders Choice at 2nd, 5-4 (Groundball, 56S, EV 83.1 MPH) Frank Meraz to third
|
|
Batting: RHB Dave Rosenhahn
|
0-0: Foul Ball, location: 2F 0-1: Ball 1-1: Ball 2-1: Ball 3-1: Foul Ball, location: 2F 3-2: Foul Ball, location: 2F 3-2: Foul Ball, location: 2F 3-2: Foul Ball, location: 2F 3-2: Foul Ball, location: 2F 3-2: Foul Ball, location: 2F 3-2: Base on Balls Randy Day to second
|
|
Batting: RHB Frank Cruz
|
0-0: Ball 1-0: Ground out 6-3 (Groundball, 56, EV 105.6 MPH)
|
| Bottom of the 5th over - 0 runs, 1 hit, 0 errors, 3 left on base; Butte 1 - Billings 3 |
| TOP OF THE 6TH |
|
Butte Copper Kings batting - Pitching for Billings Mustangs : RHP Bill Wegman
|
|
Batting: LHB David Dillard
|
0-0: Ball 1-0: Called Strike 1-1: Called Strike 1-2: Strikes out looking
|
|
Batting: RHB Kevin Sliwinski
|
0-0: SINGLE (Groundball, 6MD, EV 103.8 MPH)
|
|
Batting: RHB William Allen
|
0-0: Called Strike 0-1: Ball 1-1: Called Strike 1-2: Foul Ball, location: 2F 1-2: Foul Ball, location: 2F 1-2: Strikes out swinging
|
|
Batting: SHB Pat Bone
|
0-0: Called Strike 0-1: Foul Ball, location: 2F 0-2: SINGLE (Flyball, 6MD, EV 93.1 MPH) Kevin Sliwinski to second
|
|
Pinch Runner at 2nd Milciades Navoa:
|
|
|
Batting: RHB Jose Matos
|
0-0: Called Strike 0-1: SINGLE (Groundball, 34D, EV 103.1 MPH) Milciades Navoa to third Pat Bone to second Runner from 3rd tries for Home, SAFE, throw by RF to home
|
|
Batting: RHB Dan Gasparino
|
0-0: Ball 1-0: Ball 2-0: Fly out, F7 (Flyball, 7S, EV 83.8 MPH)
|
| Top of the 6th over - 1 run, 3 hits, 0 errors, 2 left on base; Butte 2 - Billings 3 |
| BOTTOM OF THE 6TH |
|
Billings Mustangs batting - Pitching for Butte Copper Kings : LHP Richard Garcia
|
|
Pitching: RHP Alec McCullock
|
|
|
Now in CF: Scott Houp
|
|
|
Batting: RHB Tim Kubacki
|
0-0: Ball 1-0: Foul Ball, location: 2F 1-1: Swinging Strike 1-2: Foul Ball, location: 2F 1-2: Ball 2-2: Foul Ball, location: 2F 2-2: Ball 3-2: Base on Balls
|
|
Batting: RHB Brian Milner
|
0-0: SINGLE (Groundball, 34D, EV 95.0 MPH) Tim Kubacki to second Runner from 2nd tries for 3rd, SAFE, throw by RF made to third
|
|
Batting: RHB Howard Maynor
|
0-0: Ball 1-0: Grounds into double play, 6-4-3 (Groundball, 6S, EV 84.4 MPH) Tim Kubacki scores
|
|
Batting: RHB Frank Meraz
|
0-0: Ball 1-0: Ball 2-0: Fly out, F6 (Popup, 6MS, EV 76.9 MPH)
|
| Bottom of the 6th over - 1 run, 1 hit, 0 errors, 0 left on base; Butte 2 - Billings 4 |
| TOP OF THE 7TH |
|
Butte Copper Kings batting - Pitching for Billings Mustangs : RHP Bill Wegman
|
|
Batting: RHB Ray Thoma
|
0-0: Called Strike 0-1: Called Strike 0-2: Strikes out swinging
|
|
Batting: RHB Kenny Clark
|
0-0: Foul Ball, location: 2F 0-1: Ball 1-1: Ground out 6-3 (Groundball, 6M, EV 96.3 MPH)
|
|
Batting: LHB Larry Jackson
|
0-0: Ball 1-0: Called Strike 1-1: Foul Ball, location: 2F 1-2: Ball 2-2: Fly out, F8 (Flyball, 78M, EV 75.6 MPH)
|
| Top of the 7th over - 0 runs, 0 hits, 0 errors, 0 left on base; Butte 2 - Billings 4 |
| BOTTOM OF THE 7TH |
|
Billings Mustangs batting - Pitching for Butte Copper Kings : RHP Alec McCullock
|
|
Batting: RHB Leonidas Nolasco
|
0-0: Ball 1-0: Foul Ball, location: 2F 1-1: Ball 2-1: Ball 3-1: Base on Balls
|
|
Pitching: RHP Kevin Quirk
|
|
|
Batting: RHB Andy Lawrence
|
0-0: Ball 1-0: Foul Ball, location: 2F 1-1: Ball 2-1: Foul Ball, location: 2F 2-2: Strikes out swinging
|
|
Batting: RHB Randy Day
|
0-0: Called Strike 0-1: Foul Ball, location: 2F 0-2: Ball 1-2: Ball 2-2: Foul Ball, location: 2F 2-2: Ball 3-2: Base on Balls Leonidas Nolasco to second
|
|
Batting: RHB Dave Rosenhahn
|
0-0: Called Strike 0-1: Fly out, F4 (Popup, 34, EV 62.5 MPH)
|
|
Batting: RHB Frank Cruz
|
0-0: Fielders Choice at 2nd, 6-4 (Groundball, 6, EV 98.8 MPH)
|
| Bottom of the 7th over - 0 runs, 0 hits, 0 errors, 2 left on base; Butte 2 - Billings 4 |
| TOP OF THE 8TH |
|
Butte Copper Kings batting - Pitching for Billings Mustangs : RHP Bill Wegman
|
|
Batting: LHB David Dillard
|
0-0: Called Strike 0-1: Swinging Strike 0-2: Strikes out looking
|
|
Batting: RHB Scott Houp
|
0-0: Foul Ball, location: 2F 0-1: Ground out 3-1 (Groundball, 34, EV 83.1 MPH)
|
|
Batting: RHB William Allen
|
0-0: Foul Ball, location: 2F 0-1: TRIPLE (Flyball, 9LD, EV 110.6 MPH)
|
|
Batting: SHB Pat Bone
|
0-0: 2-RUN HOME RUN (Flyball, 9LD, EV 88.1 MPH), Distance : 361 ft
|
|
Batting: RHB Jose Matos
|
0-0: Called Strike 0-1: Called Strike 0-2: Foul Ball, location: 2F 0-2: Ball 1-2: Foul Ball, location: 2F 1-2: Foul Ball, location: 2F 1-2: Strikes out swinging
|
| Top of the 8th over - 2 runs, 2 hits, 0 errors, 0 left on base; Butte 4 - Billings 4 |
| BOTTOM OF THE 8TH |
|
Billings Mustangs batting - Pitching for Butte Copper Kings : RHP Kevin Quirk
|
|
Pitching: LHP Kenneth Stelly
|
|
|
Batting: RHB Tim Kubacki
|
0-0: Ball 1-0: Ball 2-0: Ball 3-0: Base on Balls
|
|
Batting: RHB Brian Milner
|
0-0: Called Strike 0-1: Ball 1-1: Ball 2-1: Foul Ball, location: 2F 2-2: Foul Ball, location: 2F 2-2: Ball 3-2: Base on Balls Tim Kubacki to second
|
|
Batting: RHB Howard Maynor
|
0-0: Ball 1-0: Ball 2-0: SINGLE (Groundball, 6D, EV 94.4 MPH) Tim Kubacki to third Brian Milner to second
|
|
Batting: RHB Frank Meraz
|
0-0: Ball 1-0: SINGLE (Groundball, 4MD, EV 99.4 MPH) Tim Kubacki scores Brian Milner to third Howard Maynor to second
|
|
Pitching: RHP Tony Ghelfi
|
|
|
Batting: RHB Leonidas Nolasco
|
0-0: Called Strike 0-1: Ball 1-1: Ball 2-1: Grounds into fielders choice 6-2 (Groundball, 6, EV 90.6 MPH) Howard Maynor to third Frank Meraz to second
|
|
Batting: RHB Andy Lawrence
|
0-0: Ball 1-0: Ball 2-0: Foul Ball, location: 2F 2-1: Ball 3-1: SINGLE (Groundball, 56D, EV 104.4 MPH) Howard Maynor scores Frank Meraz to third Leonidas Nolasco to second Runner from 3rd tries for Home, SAFE, throw by LF to home
|
|
Batting: RHB Randy Day
|
0-0: Ball 1-0: Fly out, F9 (Flyball, 89D, EV 98.1 MPH) Runner from 2nd tags up, SAFE at 3rd, no throw by RF
|
|
Batting: RHB Dave Rosenhahn
|
Pickoff Throw to First - Out! 1-3
|
| Bottom of the 8th over - 3 runs, 3 hits, 0 errors, 1 left on base; Butte 4 - Billings 7 |
| TOP OF THE 9TH |
|
Butte Copper Kings batting - Pitching for Billings Mustangs : RHP Bill Wegman
|
|
Batting: RHB Dan Gasparino
|
0-0: Called Strike 0-1: Foul Ball, location: 2F 0-2: Strikes out swinging, 2-3 out at first.
|
|
Batting: RHB Ray Thoma
|
0-0: Fly out, F2 (Popup, 2R, EV 94.4 MPH)
|
|
Batting: RHB Kenny Clark
|
0-0: Called Strike 0-1: Ball 1-1: Fly out, F7 (Flyball, 7, EV 94.4 MPH)
|
| Top of the 9th over - 0 runs, 0 hits, 0 errors, 0 left on base; Butte 4 - Billings 7 |
|